MLB
TORONTO BLUE JAYS @ DETROIT TIGERS
04/20/2042
 
TOP OF THE 1ST
Toronto Blue Jays batting - Pitching for Detroit Tigers : LHP Scotty Fields
Pitching: LHP Scotty Fields
Batting: RHB Joe Lindsay 0-0: Called Strike
0-1: Hit by Pitch
Batting: RHB Ben Miller 0-0: Called Strike
0-1: Ball
1-1: Bunted foul
1-2: Fly out, F6 (Line Drive, 6MD, EV 68.8 MPH)
Batting: RHB Augusto Guerra 0-0: SINGLE (Line Drive, 56D, EV 100.0 MPH)
Joe Lindsay to second
Batting: RHB Bob Crousse 0-0: Ball
1-0: Ball
2-0: Swinging Strike
2-1: Ball
3-1: Foul Ball, location: 23FF
3-2: Foul Ball, location: 9LSF
3-2: Strikes out swinging
Batting: RHB Rodrigo Rivera 0-0: Ball
1-0: Ball
2-0: Ball
3-0: Base on Balls
Joe Lindsay to third
Augusto Guerra to second
Batting: RHB Juan Luna 0-0: Fly out, F4 (Popup, 34S, EV 81.9 MPH)
Top of the 1st over - 0 runs, 1 hit, 0 errors, 3 left on base; Toronto 0 - Detroit 0
BOTTOM OF THE 1ST
Detroit Tigers batting - Pitching for Toronto Blue Jays : RHP Joe Walkup
Pitching: RHP Joe Walkup
Batting: LHB Eric Mason 0-0: Fly out, F8 (Flyball, 8RD, EV 85.0 MPH)
Batting: RHB Luis Martínez 0-0: Called Strike
0-1: Ball
1-1: Foul Ball, location: 2F
1-2: Strikes out swinging
Batting: LHB José Perea 0-0: Ball
1-0: Ball
2-0: Called Strike
2-1: Foul Ball, location: 2F
2-2: Ball
3-2: Foul Ball, location: 2RF
3-2: SINGLE (Line Drive, 6MD, EV 94.4 MPH)
Batting: RHB Lião Palma 0-0: Ball
1-0: Called Strike
1-1: Ball
2-1: Ball
3-1: SINGLE (Groundball, 6MD, EV 103.8 MPH)
José Perea to second
Runner from 2nd tries for 3rd, SAFE, throw by CF made to third
Batting: LHB Luis Arroyo 0-0: Ball
1-0: Ball
2-0: Ball
3-0: Called Strike
3-1: DOUBLE (Flyball, 78D, EV 92.5 MPH)
José Perea scores
Lião Palma to third
Batting: LHB Gene Keys 0-0: Called Strike
0-1: Ball
1-1: Ball
2-1: Ball
3-1: Foul Ball, location: 2F
3-2: Base on Balls
Batting: LHB Bob Mundarain 0-0: Called Strike
0-1: Ball
1-1: Foul Ball, location: 2F
1-2: Foul Ball, location: 7LDF
1-2: Ball
2-2: Strikes out swinging
Bottom of the 1st over - 1 run, 3 hits, 0 errors, 3 left on base; Toronto 0 - Detroit 1
TOP OF THE 2ND
Toronto Blue Jays batting - Pitching for Detroit Tigers : LHP Scotty Fields
Batting: RHB Bob Powers 0-0: Called Strike
0-1: SINGLE (Groundball, 34S, EV 68.1 MPH) (infield hit)
Batting: LHB Jimmy Trinidad 0-0: Ball
1-0: Sac Bunt to 23 - play at first, batter safe!
Bob Powers to second
Batting: RHB António Ramos 0-0: Ball
1-0: Foul Ball, location: 9LDF
1-1: Foul Ball, location: 3SF
1-2: SINGLE (Line Drive, 8RS, EV 108.1 MPH)
Bob Powers to third
Jimmy Trinidad to second
Batting: RHB Joe Lindsay 0-0: Called Strike
0-1: Ball
1-1: Called Strike
1-2: Fielders Choice at 2nd, 6-4 (Groundball, 6, EV 90.0 MPH)
Bob Powers scores
Jimmy Trinidad to third
Batting: RHB Ben Miller 0-0: Grounds into double play, 5-4-3 (Groundball, 5, EV 86.9 MPH)
Top of the 2nd over - 1 run, 3 hits, 0 errors, 1 left on base; Toronto 1 - Detroit 1
BOTTOM OF THE 2ND
Detroit Tigers batting - Pitching for Toronto Blue Jays : RHP Joe Walkup
Batting: RHB Jesús Barajas 0-0: Called Strike
0-1: Ball
1-1: Ground out U3 (Groundball, 13, EV 90.0 MPH)
Batting: SHB Cristián Medina 0-0: Ball
1-0: Foul Ball, location: 2F
1-1: Fly out, F8 (Line Drive, 78M, EV 98.1 MPH)
Batting: LHB Eric Mason 0-0: Ball
1-0: SINGLE (Groundball, 3D, EV 102.5 MPH)
Batting: RHB Luis Martínez 0-0: Ball
1-0: Called Strike
1-1: Swinging Strike
1-2: Strikes out swinging
Bottom of the 2nd over - 0 runs, 1 hit, 0 errors, 1 left on base; Toronto 1 - Detroit 1
TOP OF THE 3RD
Toronto Blue Jays batting - Pitching for Detroit Tigers : LHP Scotty Fields
Batting: RHB Augusto Guerra 0-0: Ball
1-0: Ball
2-0: Ball
3-0: Called Strike
3-1: Called Strike
3-2: Fly out, F4 (Popup, 4S, EV 72.5 MPH)
Batting: RHB Bob Crousse 0-0: Foul Ball, location: 3FF
0-1: Ground out 2-3 (Groundball, 2L, EV 72.5 MPH)
Batting: RHB Rodrigo Rivera 0-0: Ball
1-0: Ball
2-0: Called Strike
2-1: SINGLE (Line Drive, 9LS, EV 108.1 MPH)
Batting: RHB Juan Luna 0-0: Called Strike
0-1: Called Strike
0-2: Foul Ball, location: 2F
0-2: Strikes out swinging
Top of the 3rd over - 0 runs, 1 hit, 0 errors, 1 left on base; Toronto 1 - Detroit 1
BOTTOM OF THE 3RD
Detroit Tigers batting - Pitching for Toronto Blue Jays : RHP Joe Walkup
Batting: LHB José Perea 0-0: Ball
1-0: Foul Ball, location: 5F
1-1: Ground out 4-3 (Groundball, 4, EV 84.4 MPH)
Batting: RHB Lião Palma 0-0: Foul Ball, location: 9LMF
0-1: DOUBLE (Line Drive, 3D, EV 100.0 MPH)
Batting: LHB Luis Arroyo 0-0: Foul Ball, location: 3FF
0-1: Fly out, F8 (Flyball, 8LD, EV 91.9 MPH)
Runner from 2nd tags up, OUT at 3rd! 8-5
Bottom of the 3rd over - 0 runs, 1 hit, 0 errors, 0 left on base; Toronto 1 - Detroit 1
TOP OF THE 4TH
Toronto Blue Jays batting - Pitching for Detroit Tigers : LHP Scotty Fields
Batting: RHB Bob Powers 0-0: Ball
1-0: Foul Ball, location: 2F
1-1: Called Strike
1-2: Foul Ball, location: 9LSF
1-2: Foul Ball, location: 2F
1-2: Foul Ball, location: 2F
1-2: Strikes out swinging
Batting: LHB Jimmy Trinidad 0-0: Called Strike
0-1: Called Strike
0-2: Strikes out swinging
Batting: RHB António Ramos 0-0: Foul Ball, location: 5FF
0-1: Ball
1-1: Swinging Strike
1-2: Ball
2-2: Ball
3-2: Fly out, F8 (Flyball, 8LXD, EV 110.0 MPH)
Top of the 4th over - 0 runs, 0 hits, 0 errors, 0 left on base; Toronto 1 - Detroit 1
BOTTOM OF THE 4TH
Detroit Tigers batting - Pitching for Toronto Blue Jays : RHP Joe Walkup
Batting: LHB Gene Keys 0-0: Called Strike
0-1: Swinging Strike
0-2: SOLO HOME RUN (Flyball, 9LD, EV 98.1 MPH), Distance : 383 ft
Batting: LHB Bob Mundarain 0-0: Foul Ball, location: 2F
0-1: Ball
1-1: Ball
2-1: Ball
3-1: Ground out 1-3 (Groundball, 15S, EV 75.0 MPH)
Batting: RHB Jesús Barajas 0-0: Called Strike
0-1: Ball
1-1: Foul Ball, location: 9LSF
1-2: Ball
2-2: Fly out, F7 (Flyball, 7D, EV 95.0 MPH)
Batting: SHB Cristián Medina 0-0: Swinging Strike
0-1: Ball
1-1: Foul Ball, location: 3FF
1-2: Strikes out looking
Bottom of the 4th over - 1 run, 1 hit, 0 errors, 0 left on base; Toronto 1 - Detroit 2
TOP OF THE 5TH
Toronto Blue Jays batting - Pitching for Detroit Tigers : LHP Scotty Fields
Batting: RHB Joe Lindsay 0-0: Foul Ball, location: 5F
0-1: Foul Ball, location: 3SF
0-2: Ball
1-2: SINGLE (Groundball, 34D, EV 107.5 MPH)
Batting: RHB Ben Miller 0-0: Ball
1-0: Foul Ball, location: 9LMF
1-1: Ball
2-1: Sac Bunt to 15 - play at first, batter OUT! 1-3
Joe Lindsay to second
Batting: RHB Augusto Guerra 0-0: Ball
1-0: Ball
2-0: Ball
3-0: Called Strike
3-1: Foul Ball, location: 5FF
3-2: Foul Ball, location: 9LMF
3-2: Foul Ball, location: 2F
3-2: Foul Ball, location: 5FF
3-2: Base on Balls
Batting: RHB Bob Crousse 0-0: DOUBLE (Line Drive, 78D, EV 104.4 MPH)
Joe Lindsay scores
Augusto Guerra to third
Runner from 3rd tries for Home, throw by LF and OUT! 7-6-2
Batting: RHB Rodrigo Rivera 0-0: Called Strike
0-1: Called Strike
0-2: Ground out 4-3 (Groundball, 4, EV 110.0 MPH)
Top of the 5th over - 1 run, 2 hits, 0 errors, 1 left on base; Toronto 2 - Detroit 2
BOTTOM OF THE 5TH
Detroit Tigers batting - Pitching for Toronto Blue Jays : RHP Joe Walkup
Batting: LHB Eric Mason 0-0: Foul Ball, location: 7LDF
0-1: Ground out 6-3 (Groundball, 6D, EV 108.1 MPH)
Batting: RHB Luis Martínez 0-0: Called Strike
0-1: Foul Ball, location: 2F
0-2: SINGLE (Line Drive, 89M, EV 91.3 MPH)
Batting: LHB José Perea 0-0: Fielders Choice at 2nd, 3-6 (Groundball, 3, EV 77.5 MPH)
Batting: RHB Lião Palma 0-0: Called Strike
0-1: Ball
Wild Pitch!
José Perea to second
1-1: Ball
2-1: DOUBLE (Flyball, 8LXD, EV 105.0 MPH)
José Perea scores
Batting: LHB Luis Arroyo 0-0: Called Strike
0-1: Fly out, F8 (Line Drive, 8LM, EV 90.6 MPH)
Bottom of the 5th over - 1 run, 2 hits, 0 errors, 1 left on base; Toronto 2 - Detroit 3
TOP OF THE 6TH
Toronto Blue Jays batting - Pitching for Detroit Tigers : LHP Scotty Fields
Batting: RHB Juan Luna 0-0: Called Strike
0-1: Foul Ball, location: 9LSF
0-2: Foul Ball, location: 5F
0-2: Strikes out swinging
Batting: RHB Bob Powers 0-0: Ball
1-0: Called Strike
1-1: Ground out 5-3 (Groundball, 56S, EV 65.6 MPH)
Batting: LHB Jimmy Trinidad 0-0: Ball
1-0: Called Strike
1-1: Ball
2-1: Swinging Strike
2-2: Strikes out swinging
Top of the 6th over - 0 runs, 0 hits, 0 errors, 0 left on base; Toronto 2 - Detroit 3
BOTTOM OF THE 6TH
Detroit Tigers batting - Pitching for Toronto Blue Jays : RHP Joe Walkup
Batting: LHB Gene Keys 0-0: Called Strike
0-1: Ball
1-1: Swinging Strike
1-2: SOLO HOME RUN (Flyball, 78XD, EV 98.1 MPH), Distance : 399 ft
Batting: LHB Bob Mundarain 0-0: Called Strike
0-1: Fly out, F7 (Flyball, 7LD, EV 82.5 MPH)
Batting: RHB Jesús Barajas 0-0: Swinging Strike
0-1: Ball
1-1: Ball
2-1: Foul Ball, location: 9LSF
2-2: Strikes out swinging
Batting: SHB Cristián Medina 0-0: Called Strike
0-1: Ball
1-1: Ground out 4-3 (Groundball, 4, EV 90.0 MPH)
Bottom of the 6th over - 1 run, 1 hit, 0 errors, 0 left on base; Toronto 2 - Detroit 4
TOP OF THE 7TH
Toronto Blue Jays batting - Pitching for Detroit Tigers : LHP Scotty Fields
Batting: RHB António Ramos 0-0: Called Strike
0-1: Ball
1-1: Ground out 4-3 (Groundball, 4, EV 85.6 MPH)
Batting: RHB Joe Lindsay 0-0: Ball
1-0: SINGLE (Groundball, 6MD, EV 98.8 MPH)
Batting: RHB Ben Miller 0-0: Foul Ball, location: 7LSFF
0-1: Foul Ball, location: 9LSFF
0-2: Fly out, F6 (Popup, 6, EV 51.3 MPH)
Batting: RHB Augusto Guerra 0-0: Ball
1-0: Called Strike
1-1: Swinging Strike
1-2: Ball
2-2: Foul Ball, location: 7LMF
2-2: Ball
3-2: SINGLE (Line Drive, 7S, EV 102.5 MPH)
Joe Lindsay to second
Joe Lindsay to third
Pitching: LHP Jake William
Batting: RHB Bob Crousse 0-0: SINGLE (Line Drive, 78S, EV 101.9 MPH)
Joe Lindsay scores
Augusto Guerra to second
Batting: RHB Rodrigo Rivera 0-0: Ball
1-0: Swinging Strike
1-1: Fly out, F8 (Flyball, 78D, EV 94.4 MPH)
Top of the 7th over - 1 run, 3 hits, 0 errors, 2 left on base; Toronto 3 - Detroit 4
BOTTOM OF THE 7TH
Detroit Tigers batting - Pitching for Toronto Blue Jays : RHP Joe Walkup
Batting: LHB Eric Mason 0-0: Ball
1-0: Foul Ball, location: 2F
1-1: SINGLE (Groundball, 4MD, EV 101.3 MPH)
Batting: RHB Luis Martínez 0-0: SINGLE (Flyball, 89M, EV 97.5 MPH)
Eric Mason to second
Batting: LHB José Perea 0-0: Ball
1-0: Ball
2-0: Reached on error, E4 (Groundball, 4, EV 103.1 MPH)
Eric Mason to third
Luis Martínez to second
Batting: RHB Lião Palma 0-0: Ball
1-0: Ball
2-0: Grounds into fielders choice 5-2 (Groundball, 56S, EV 66.3 MPH)
Luis Martínez to third
José Perea to second
Pitching: RHP Cal Bean
Batting: LHB Luis Arroyo 0-0: Ball
Wild Pitch!
Luis Martínez scores
José Perea to third
Lião Palma to second
1-0: Ball
2-0: Foul Ball, location: 7LSF
2-1: Called Strike
2-2: Ball
3-2: Foul Ball, location: 23F
3-2: Base on Balls
Batting: LHB Gene Keys 0-0: Ball
1-0: Called Strike
1-1: Ball
2-1: Foul Ball, location: 3F
2-2: Fly out, F8 (Line Drive, 8RM, EV 91.9 MPH)
Runner from 3rd tags up, SCORES, no throw by CF
Batting: LHB Bob Mundarain 0-0: Ball
1-0: Ball
2-0: Ball
3-0: Base on Balls
Lião Palma to third
Luis Arroyo to second
Batting: RHB Jesús Barajas 0-0: Ball
1-0: Ball
2-0: Foul Ball, location: 2F
2-1: Ground out 1-3 (Groundball, 15S, EV 66.9 MPH)
Bottom of the 7th over - 2 runs, 2 hits, 1 error, 3 left on base; Toronto 3 - Detroit 6
TOP OF THE 8TH
Toronto Blue Jays batting - Pitching for Detroit Tigers : LHP Jake William
Batting: RHB Juan Luna 0-0: Fly out, F8 (Flyball, 8LD, EV 106.3 MPH)
Batting: RHB Bob Powers 0-0: Ball
1-0: Swinging Strike
1-1: Ball
2-1: DOUBLE (Groundball, 5L, EV 105.6 MPH)
Pinch Hitting: RHB Jeff Horton 0-0: Ball
1-0: Called Strike
1-1: Ball
2-1: Ball
3-1: Swinging Strike
3-2: Strikes out swinging
Batting: RHB António Ramos 0-0: Fly out, F7 (Flyball, 78S, EV 91.3 MPH)
Top of the 8th over - 0 runs, 1 hit, 0 errors, 1 left on base; Toronto 3 - Detroit 6
BOTTOM OF THE 8TH
Detroit Tigers batting - Pitching for Toronto Blue Jays : RHP Cal Bean
Now in LF: Jeff Horton
Now in RF: António Ramos
Batting: SHB Cristián Medina 0-0: Called Strike
0-1: Called Strike
0-2: Foul Ball, location: 3SF
0-2: Ball
1-2: Strikes out swinging
Batting: LHB Eric Mason 0-0: SINGLE (Groundball, 3D, EV 97.5 MPH)
Batting: RHB Luis Martínez 0-0: Ball
1-0: Called Strike
1-1: Swinging Strike
1-2: Foul Ball, location: 2F
1-2: Ball
2-2: Foul Ball, location: 9LSF
2-2: Foul Ball, location: 9LMF
2-2: Ground out 4-3 (Groundball, 34, EV 101.3 MPH)
Eric Mason to second
Batting: LHB José Perea 0-0: Foul Ball, location: 2F
0-1: Ball
1-1: Foul Ball, location: 2F
1-2: Ball
2-2: Ground out 4-3 (Groundball, 4S, EV 84.4 MPH)
Bottom of the 8th over - 0 runs, 1 hit, 0 errors, 1 left on base; Toronto 3 - Detroit 6
TOP OF THE 9TH
Toronto Blue Jays batting - Pitching for Detroit Tigers : LHP Jake William
Batting: RHB Joe Lindsay 0-0: Called Strike
0-1: Fly out, F6 (Line Drive, 6M, EV 68.1 MPH)
Batting: RHB Ben Miller 0-0: Called Strike
0-1: Ball
1-1: SINGLE (Groundball, 6MD, EV 93.8 MPH)
Batting: RHB Augusto Guerra 0-0: Grounds into double play, 6-4-3 (Groundball, 6M, EV 89.4 MPH)
Top of the 9th over - 0 runs, 1 hit, 0 errors, 0 left on base; Toronto 3 - Detroit 6
Wednesday, April 24th , 2024 - OOTP Baseball 24.10 Build 82